 Dungeon Sprint DCSS version 0.20-a0-876-g2c7b0bf (webtiles) character file.

4618 esc the Grappler (level 10, -7/115 HPs)
             Began as a Troll Berserker on Mar 15, 2017.
             Was an Elder of Trog.
             Mangled by a sphinx (10 damage)
             ... while paralysed by a sphinx
             ... in the Dungeon (Sprint II: "The Violet Keep of Menkaure").
             The game lasted 00:09:53 (941 turns).

esc the Grappler (Troll Berserker)                   Turns: 941, Time: 00:09:54

Health: -7/115     AC: 16    Str: 22    XL:     10   Next: 19%
Magic:  9/9        EV:  1    Int:  3    God:    Trog [****..]
Gold:   723        SH:  0    Dex: 12    Spells: 9/9 levels left

rFire    . . .     SeeInvis +     - Unarmed
rCold    + + .     Gourm    +   e - +0 troll leather armour {regen}
rNeg     . . .     Faith    .   (no shield)
rPois    .         Spirit   .   (helmet restricted)
rElec    .         Reflect  .   j - +2 cloak of Pride {rC++ Str-5 SInv}
rCorr    .         Harm     .   (gloves unavailable)
MR       .....     NoTele   +   (boots unavailable)
Stlth    +.........             (no amulet)
Regen    1.1/turn               k - +3 ring of protection
MPRegen  0.2/turn               i - +3 ring of protection

@: confused, paralysed, exhausted, slowed
A: unfitting armour, claws 3, fast metabolism 3, gourmand, regeneration 1,
shaggy fur 1, tough skin 2
a: Berserk, Trog's Hand, Brothers in Arms, Burn Spellbooks, Renounce Religion


You were in the Dungeon.
You worshipped Trog.
Trog was greatly pleased with you.
You were very full.

You visited 1 branch You collected 1436 gold pieces.
You spent 713 gold pieces at shops.

Inventory:

Armour
 a - a +0 animal skin
 e - a +0 troll leather armour (worn) {regen}
   (You found it in the Dungeon)
 j - the +2 cloak of Pride (worn) {rC++ Str-5 SInv}
   (You bought it in a shop in the Dungeon)

   It affects your strength (-5).
   It greatly protects you from cold.
   It lets you see invisible.
Jewellery
 i - a +3 ring of protection (left claw)
   (You bought it in a shop in the Dungeon)
 k - a +3 ring of protection (right claw)
   (You bought it in a shop in the Dungeon)
Scrolls
 h - 2 scrolls of blinking {!r}
 m - 2 scrolls of fear
 s - a scroll of enchant weapon
Potions
 c - a potion of curing
 d - 2 potions of heal wounds
 f - 5 potions of magic
 g - 2 potions of berserk rage {!q}
 n - 3 potions of resistance {unknown}
 q - 3 potions of flight {unknown}
 u - a potion of ambrosia {unknown}
 w - a potion of brilliance {unknown}
Comestibles
 b - 4 bread rations {@e1}
 l - 9 chunks of flesh {@w0}
 p - 8 fruits
 r - 2 meat rations {@e2}
 z - a royal jelly


   Skills:
 + Level 12.0 Fighting
 + Level 0.0 Armour
 + Level 12.0 Dodging
 + Level 13.9 Unarmed Combat


You had 9 spell levels left.
You didn't know any spells.

Dungeon Overview and Level Annotations

Branches:
Dungeon (1/1)

Altars:
Cheibriados
Dithmenos
Elyvilon
Fedhas
Gozag
Hepliaklqana
Kikubaaqudgha
Makhleb
Nemelex Xobeh
Okawaru
Qazlal
Ru
Sif Muna
Trog
Uskayaw
Vehumet
Wu Jian
Xom
Yredelemnul
Zin
The Shining One
Beogh
Jiyva
Lugonu

Shops:
D %=:=?[?}:=((![%!

Annotations:
D exclusions: obsidian statue and oklob plant


Innate Abilities, Weirdness & Mutations

You are too large for most types of armour.
You have claws for hands.
Your metabolism is lightning-fast.
You like to eat raw meat.
Your natural rate of healing is unusually fast.
You are covered in fur. (AC +1)
You have very tough skin. (AC +2)


Message History

Eating one of 10 chunks of flesh {@w0}.
You eat one of the 10 chunks of flesh {@w0}.
This raw flesh tastes great.
You feel yourself speed up.
You regained 17 hp, and now have 86/115 hp.
You start resting.
You feel less exhausted.
You regained 13 hp, and now have 99/115 hp.
You start resting.
Health restored: 115 You enter the shallow water.
Moving in this stuff is going to be slow.
There is an open door here.
You enter the shallow water.
Moving in this stuff is going to be slow.
You see here a crocodile skeleton.
Why would you want to do that?
There is an open door here.
You now have 534 gold pieces (gained 27). 27 gold pieces.
The floor.
You now have 561 gold pieces (gained 27).
You now have enough gold to buy a scroll of acquirement on this level.
You now have 588 gold pieces (gained 27).
You now have 615 gold pieces (gained 27).
You now have 642 gold pieces (gained 27).
You now have 669 gold pieces (gained 27).
You now have 696 gold pieces (gained 27).
You now have 723 gold pieces (gained 27).
You open the door. 2 sphinxes come into view.
The sphinx shouts! x2
The sphinx casts a spell.
You are confused.
The sphinx casts a spell.
You are more confused.
You're too confused!
You feel better.
A red film seems to cover your vision as you go berserk!
You feel yourself moving faster!
You feel mighty!
You feel a lot less full.
The sphinx mumbles some strange words.
You suddenly lose the ability to move!
The sphinx hits you.
The sphinx hits you but does no damage. x2
The sphinx casts a spell.
You shrug off the repeated paralysis!
The sphinx mumbles some strange words.
You barely resist.
The sphinx casts a spell.
You shrug off the repeated paralysis!
The sphinx hits you!
The sphinx hits you but does no damage. x2
The sphinx mumbles some strange words.
You are confused.
The sphinx hits you! The sphinx hits you but does no damage.
The sphinx hits you.
The sphinx casts a spell.
Something smites you!
You can move again.
You now have 138/172 hp.
Unknown command.
Unknown command.
Unknown command.
You are too berserk!
Unknown command.
You bump into the stone wall.
You feel a strong urge to attack something.
The sphinx hits you!
The sphinx hits you but does no damage. x2
You take 15 damage, and have 123/172 hp.
You claw the sphinx!
The sphinx casts a spell.
You are more confused.
The sphinx hits you!
The sphinx hits you but does no damage. x2
You take 15 damage, and have 108/172 hp.
The sphinx closely misses you. The sphinx hits you.
The sphinx barely misses you.
You take 4 damage, and have 104/172 hp.
You feel a strong urge to attack something.
The sphinx casts a spell.
You suddenly lose the ability to move!
The sphinx mumbles some strange words.
Something smites you! The sphinx hits you.
The sphinx hits you but does no damage. x2; The sphinx completely misses you.
The sphinx hits you but does no damage. x2
You are no longer berserk.
You feel yourself slow down.
The sphinx hits you but does no damage. x2; The sphinx hits you. x2
The sphinx hits you but does no damage. x2
The sphinx hits you.
The sphinx hits you but does no damage. x5
The sphinx hits you!! The sphinx hits you.
* * * LOW HITPOINT WARNING * * *
The sphinx hits you but does no damage. The sphinx hits you.
* * * LOW HITPOINT WARNING * * *
The sphinx hits you!
* * * LOW HITPOINT WARNING * * *
The sphinx hits you!
* * * LOW HITPOINT WARNING * * *
The sphinx hits you!
* * * LOW HITPOINT WARNING * * *
The sphinx hits you!
You die...

..##▓▓▓▓▓▓▓'▓▓▓▓+▓*,***≈,,≈***
≈)≈≈≈§§§≈≈≈.).≈≈≈▓,,,,,,,,**
%########'###.≈≈≈▓,,,,,,,**
.._._._.#÷≈≈##≈≈≈▓,,,,,,**
._._._..#§≈≈§####▓▓**▓≈**
_._._._.#≈≈§§§##..#,$▓≈*
._._._._#§≈§§§§#§.#§.▓≈*
.._._._.#§§§§§§'H.'§§▓≈*
..._._._#§≈§≈≈≈#@H#$.▓≈*
...._._.#§≈≈§≈≈▓..#,$▓≈*
....._._#§≈§≈▓▓▓▓▓▓**▓≈*
#########≈≈§§▓,,,≈≈≈≈≈≈*
≈≈≈≈≈≈≈≈§§§§§▓z,,≈≈≈≈≈≈*
≈*#######≈▓▓▓▓▓▓***≈≈≈≈*
≈*,,,,,,#▓*≈≈≈≈≈≈≈**≈≈≈*
≈*,,,,,,**≈≈≈≈≈≈≈≈≈**≈≈*
**,,,,,,+≈≈≈≈≈≈≈≈≈≈≈+≈≈*


You could see 2 sphinxes.

Vanquished Creatures
  A kraken (D)
  2 deep trolls (D)
  A yaktaur (D)
  2 polar bears (D)
  2 tyrant leeches (D)
  A hornet (D)
  2 hippogriffs (D)
  Menkaure (D)
  3 crocodiles (D)
  4 worker ants (D)
  3 worms (D)
22 creatures vanquished.

Vanquished Creatures (collateral kills)
  A polar bear (D)
1 creature vanquished.

Vanquished Creatures (others)
  A crocodile (D)
  8 tentacles (D)
9 creatures vanquished.

Grand Total: 32 creatures vanquished

Notes
Turn   | Place    | Note
-------+----------+-------------------------------------------
     0 | D        | esc the Troll Berserker began the quest for the Orb.
     0 | D        | Reached XP level 1. HP: 22/22 MP: 0/0
     1 | D        | Noticed a tyrant leech
     1 | D        | Noticed a tyrant leech
    14 | D        | HP: 3/22 [worm (7)]
    15 | D        | Killed a crocodile
    19 | D        | Reached skill level 3 in Fighting
    19 | D        | Reached skill level 3 in Dodging
    61 | D        | Noticed an obsidian statue
    66 | D        | Reached ** piety under Trog
    66 | D        | Reached XP level 2. HP: 28/31 MP: 1/1
    81 | D        | Noticed a hippogriff
    81 | D        | Noticed a hippogriff
    89 | D        | Killed a hippogriff
    89 | D        | Reached skill level 5 in Fighting
    89 | D        | Reached skill level 5 in Dodging
    89 | D        | Reached skill level 7 in Unarmed Combat
    89 | D        | Reached XP level 3. HP: 31/44 MP: 2/2
    89 | D        | Reached XP level 4. HP: 36/52 MP: 3/3
    89 | D        | Reached XP level 5. HP: 41/59 MP: 4/4
    95 | D        | Killed a hippogriff
    95 | D        | Reached skill level 7 in Fighting
    95 | D        | Reached skill level 7 in Dodging
    95 | D        | Reached skill level 8 in Unarmed Combat
    95 | D        | Reached XP level 6. HP: 28/71 MP: 5/5
   184 | D        | Reached *** piety under Trog
   189 | D        | Reached skill level 9 in Unarmed Combat
   248 | D        | Killed a tyrant leech
   248 | D        | Reached skill level 8 in Fighting
   248 | D        | Reached skill level 8 in Dodging
   248 | D        | Reached XP level 7. HP: 80/80 MP: 6/6
   261 | D        | Killed a tyrant leech
   261 | D        | Reached **** piety under Trog
   261 | D        | Reached skill level 10 in Unarmed Combat
   346 | D        | Found Hitib's Antique Armour Shop.
   346 | D        | Found Zippab's Jewellery Boutique.
   346 | D        | Found Pefoh's Distillery.
   346 | D        | Found Orajuw's Weapon Boutique.
   346 | D        | Found Iruhosed's Distillery.
   346 | D        | Found Myenytz's Food Boutique.
   347 | D        | Found Talast's Antique Weapon Shop.
   347 | D        | Found Wubribal's Book Boutique.
   347 | D        | Found Ihoeh's Gadget Shop.
   348 | D        | Found Leygg's Magic Scroll Shop.
   348 | D        | Found Tuaq's Antique Armour Boutique.
   350 | D        | Found Qeyq's Magic Scroll Boutique.
   350 | D        | Found Toruzopp's Jewellery Shop.
   350 | D        | Noticed Menkaure
   350 | D        | Noticed an oklob plant
   351 | D        | Found Acrieror's Jewellery Shop.
   351 | D        | Found Puix's Food Boutique.
   351 | D        | Found Piujiwev's Book Shoppe.
   351 | D        | Noticed a yak
   356 | D        | Bought a heavily runed cloak for 209 gold pieces
   361 | D        | Identified the +2 cloak of Pride {rC++ Str-5 SInv} (You bought it in a shop in the Dungeon)
   361 | D        | Noticed an unseen horror
   361 | D        | Noticed an unseen horror
   363 | D        | Killed Menkaure
   407 | D        | Bought a +3 ring of protection for 252 gold pieces
   407 | D        | Bought a +3 ring of protection for 252 gold pieces
   440 | D        | Found a roughly hewn altar of Beogh.
   441 | D        | Found a hazy altar of Hepliaklqana.
   441 | D        | Found a snail-covered altar of Cheibriados.
   442 | D        | Found a stormy altar of Qazlal.
   442 | D        | Found a viscous altar of Jiyva.
   442 | D        | Found a shadowy altar of Dithmenos.
   443 | D        | Found a sacrificial altar of Ru.
   443 | D        | Found an ancient bone altar of Kikubaaqudgha.
   443 | D        | Found a white marble altar of Elyvilon.
   444 | D        | Found an ornate altar of the Wu Jian Council.
   444 | D        | Found a deep blue altar of Sif Muna.
   444 | D        | Found a corrupted altar of Lugonu.
   445 | D        | Found a shimmering altar of Xom.
   445 | D        | Found a bloodstained altar of Trog.
   445 | D        | Found a burning altar of Makhleb.
   446 | D        | Found a glowing golden altar of the Shining One.
   446 | D        | Found a basalt altar of Yredelemnul.
   446 | D        | Found a hide-covered altar of Uskayaw.
   447 | D        | Found a glowing silver altar of Zin.
   447 | D        | Found a radiant altar of Vehumet.
   447 | D        | Noticed a polar bear
   448 | D        | Noticed a polar bear
   449 | D        | Noticed a polar bear
   449 | D        | Found a blossoming altar of Fedhas.
   449 | D        | Found a sparkling altar of Nemelex Xobeh.
   450 | D        | Found an opulent altar of Gozag.
   450 | D        | Found an iron altar of Okawaru.
   451 | D        | Noticed a hornet
   453 | D        | Noticed a yaktaur
   455 | D        | Killed a polar bear
   455 | D        | Reached skill level 9 in Fighting
   455 | D        | Reached skill level 9 in Dodging
   455 | D        | Reached XP level 8. HP: 92/92 MP: 7/7
   457 | D        | Killed a polar bear
   457 | D        | Reached skill level 11 in Unarmed Combat
   463 | D        | Killed a polar bear
   464 | D        | Killed a hornet
   469 | D        | Killed a yaktaur
   469 | D        | Reached ***** piety under Trog
   469 | D        | Reached skill level 10 in Fighting
   469 | D        | Reached skill level 10 in Dodging
   514 | D        | Noticed a kraken
   679 | D        | Killed a kraken
   679 | D        | Received a gift from Trog
   679 | D        | Reached skill level 11 in Fighting
   679 | D        | Reached skill level 11 in Dodging
   679 | D        | Reached skill level 13 in Unarmed Combat
   679 | D        | Reached XP level 9. HP: 63/105 MP: 8/8
   817 | D        | Noticed a deep troll
   818 | D        | Noticed a deep troll
   837 | D        | Killed a deep troll
   837 | D        | Reached XP level 10. HP: 80/115 MP: 9/9
   839 | D        | Killed a deep troll
   839 | D        | Reached skill level 12 in Fighting
   839 | D        | Reached skill level 12 in Dodging
   926 | D        | Noticed a sphinx
   926 | D        | Noticed a sphinx
   928 | D        | Paralysed by a sphinx for 5 turns
   936 | D        | Paralysed by a sphinx for 5 turns
   941 | D        | HP: 24/115 [sphinx (7)]
   941 | D        | HP: 3/115 [sphinx (14)]
   941 | D        | Mangled by a sphinx

Vault maps used:
D:        the_violet_keep_of_menkaure

Skill      XL: |  1  2  3  4  5  6  7  8  9 10 |
---------------+-------------------------------+-----
Fighting       | 3 5 7 8 9 11 12 | 12.0
Dodging        | 3 5 7 8 9 11 12 | 12.0
Unarmed Combat | 7 8 9 10 13 | 13.9

Action                   |  1- 3 |  4- 6 |  7- 9 | 10-12 || total
-------------------------+-------+-------+-------+-------++-------
Melee: Unarmed           |    24 |    21 |    51 |     3 ||    99
       Punch             |     1 |     2 |     2 |       ||     5
Invok: Berserk           |     1 |     2 |     4 |     1 ||     8
       Brothers in Arms  |       |       |     2 |       ||     2
       Trog's Hand       |       |       |     1 |       ||     1
  Use: Scroll            |       |       |     5 |       ||     5
       Potion            |       |       |     1 |     1 ||     2
  Eat: Chunk             |     3 |     7 |     8 |     3 ||    21
Armor: Animal skin       |     3 |     2 |    16 |       ||    21
       Troll leather arm |       |       |       |    23 ||    23
Dodge: Dodged            |     4 |     9 |    42 |     6 ||    61

Vault maps used:
D:        the_violet_keep_of_menkaure

Table legend:
 A = Turns spent in this place as a percentage of turns spent in the entire game.
 B = Non-inter-level travel turns spent in this place as a percentage of non-inter-level travel turns spent in the entire game.
 C = Inter-level travel turns spent in this place as a percentage of turns spent in this place.
 D = Turns resting spent in this place as a percentage of non-inter-level travel turns spent in this place.
 E = Turns spent auto-exploring this place as a percentage of non-inter-level travel turns spent in this place.
 F = Non-inter-level travel turns spent in this place divided by the number of levels of this place that you've seen.
                   A       B       C       D       E      F
               +-------+-------+-------+-------+-------+----------------------
         Total | 100.0 | 100.0 |   0.2 |   5.9 |   0.0 | 572.0
       Dungeon | 100.0 | 100.0 |   0.2 |   5.9 |   0.0 | 572.0
               +-------+-------+-------+-------+-------+----------------------

Table legend:
 A = Kills in this place as a percentage of kills in entire the game.
 B = Kills by you in this place as a percentage of kills by you in the entire game.
 C = Kills by friends in this place as a percentage of kills by friends in the entire game.
 D = Other kills in this place as a percentage of other kills in the entire game.
 E = Experience gained in this place as a percentage of experience gained in the entire game.
 F = Experience gained in this place divided by the number of levels of this place that you have seen.
                   A       B       C       D       E      F
               +-------+-------+-------+-------+-------+----------------------
         Total | 100.0 | 100.0 | 100.0 |  -nan | 100.0 | 6598.0
       Dungeon | 100.0 | 100.0 | 100.0 |  -nan | 100.0 | 6598.0
               +-------+-------+-------+-------+-------+----------------------
